 Dungeon Crawl Stone Soup version 0.21.1-1-g345015fe64 (webtiles) character file.

104482 NullDivider the Unseen (level 15, -13/84 HPs)
             Began as a Spriggan Artificer on Apr 27, 2018.
             Was an Initiate of Gozag.
             Mangled by a six-headed hydra (15 damage)
             ... on level 3 of the Swamp.
             The game lasted 05:45:51 (61103 turns).

NullDivider the Unseen (Spriggan Artificer)        Turns: 61103, Time: 05:45:52

Health: -13/84     AC:  6    Str:  8    XL:     15   Next: 92%
Magic:  11/30      EV: 33    Int: 13    God:    Gozag
Gold:   6744       SH:  0    Dex: 21    Spells: 24/34 levels left

rFire    . . .     SeeInvis +   y - +6 dagger (venom)
rCold    + + .     Gourm    .   (shield restricted)
rNeg     + . .     Faith    .   Z - +2 robe {Archmagi}
rPois    +         Spirit   .   N - +2 hat
rElec    +         Reflect  .   m - scarf {rC+ rF+}
rCorr    .         Harm     .   (gloves unavailable)
MR       +++++     Clarity  +   (boots unavailable)
Stlth    +++++++...             H - amulet of the Four Winds {rN+ MR+++ Clar}
HPRegen  0.24/turn              S - ring of the Seer {rElec rPois rF- rC+}
MPRegen  0.22/turn              a - ring of flight

@: drained, very quick
A: very small, unfitting armour, see invisible, berserk 1, clumsy 1, herbivore,
speed 3, slow metabolism 2
a: Potion Petition, Call Merchant, Bribe Branch, Renounce Religion, Evoke Flight


You were on level 3 of the Swamp.
You worshipped Gozag.
Gozag was greatly pleased with you.
You were near starving.

You visited 5 branches of the dungeon, and saw 27 of its levels.
You also visited: Ossuary.

You collected 8640 gold pieces.
You spent 1778 gold pieces at shops.
You paid 118 gold pieces to Gozag.

Inventory:

Hand Weapons
 c - a +0 hunting sling
 y - a +6 dagger of venom (weapon)
 O - a +1 rapier of electrocution
 P - a +2 falchion of freezing
Missiles
 B - 98 sling bullets
Armour
 d - a +0 robe of cold resistance
 m - a scarf of resistance (worn)
 N - a +2 hat (worn)
 Z - a +2 robe of the Archmagi (worn)
Jewellery
 a - a ring of flight (right hand)
 z - a +6 amulet of reflection
 G - an uncursed ring of protection from fire
 H - the amulet of the Four Winds (around neck) {rN+ MR+++ Clar}
   (You found it on level 10 of the Dungeon)

   [amulet of nothing]

   It protects you from negative energy.
   It affects your resistance to hostile enchantments.
   It protects you against confusion.
 S - the ring of the Seer (left hand) {rElec rPois rF- rC+}
   (You found it on level 6 of the Lair of Beasts)

   [ring of protection from cold]

   It makes you vulnerable to fire.
   It protects you from cold.
   It insulates you from electricity.
   It protects you from poison.
Wands
 i - a wand of disintegration (10)
 k - a wand of paralysis (26)
 t - a wand of acid (26)
 w - a wand of enslavement (18)
 E - a wand of iceblast (4)
 Q - a wand of scattershot (4)
 T - a wand of digging (12)
 U - a wand of random effects (32)
Scrolls
 g - 6 scrolls of remove curse
 j - a scroll of identify
 n - 3 scrolls of blinking
 o - a scroll of vulnerability {unknown}
 q - 8 scrolls of teleportation
 s - 2 scrolls of magic mapping
 K - 2 scrolls of summoning {unknown}
 L - a scroll of brand weapon {unknown}
 M - a scroll of holy word {unknown}
 R - 2 scrolls of fear {unknown}
 X - a scroll of silence {unknown}
 Y - 2 scrolls of fog
Potions
 b - 2 potions of heal wounds
 h - 4 potions of agility
 p - 5 potions of curing
 x - 3 potions of invisibility
 C - 3 potions of haste
 I - 2 potions of ambrosia {unknown}
 J - 3 potions of lignification
 V - 3 potions of flight
Books
 e - a book of Minor Magic

   Spells                             Type                      Level
   a - Magic Dart                     Conjuration                  1
   b - Blink                          Translocation                2
   c - Call Imp                       Summoning                    2
   d - Slow                           Hexes                        2
   e - Conjure Flame                  Conjuration/Fire             3
   f - Mephitic Cloud                 Conjuration/Poison/Air       3
Miscellaneous
 W - a fan of gales (inert)
Comestibles
 f - 10 rations


   Skills:
 * Level 11.8(11.7) Fighting
 + Level 10.3(10.2) Short Blades
 - Level 10.2(10.1) Slings
 + Level 15.1(14.9) Dodging
 + Level 16.1(16.0) Stealth
 + Level 10.4(10.2) Spellcasting
 - Level 10.0(9.8) Hexes
 - Level 10.0(9.8) Charms
 - Level 6.3(6.2) Translocations
 + Level 10.0(9.8) Evocations


You had 24 spell levels left.
You knew the following spells:

 Your Spells              Type           Power        Failure   Level  Hunger
a - Shroud of Golubria    Chrm/Tloc      #####.....   1%          2    None
b - Confuse               Hex            #####...     1%          3    #......
c - Regeneration          Chrm/Necr      ####......   4%          3    #......
d - Blink                 Tloc           N/A          1%          2    None


Dungeon Overview and Level Annotations

Branches:
Dungeon (15/15)            Temple (1/1) D:4            Lair (6/6) D:8
  Swamp (3/4) Lair:2        Snake (0/4) Lair:2        Slime (0/5) Lair:6
    Orc (2/2) D:10            Elf (0/3) Orc:2        Vaults (0/5) D:14
 Depths (0/5) D:15

Altars:
Ashenzari
Cheibriados
Dithmenos
Elyvilon
Gozag
Hepliaklqana
Kikubaaqudgha
Makhleb
Okawaru
Qazlal
Ru
Sif Muna
Vehumet
Wu Jian
Xom
Yredelemnul
Zin
The Shining One
Beogh

Shops:
Orc:2 [}}!

Annotations:
D:3 htuhola's ghost, amateur DrCj
Lair:3 exclusion: 4 oklob plants
Lair:6 exclusion: 2 oklob plants
Swamp:2 exclusion: ice statue


Innate Abilities, Weirdness & Mutations

You are very small and have problems with some larger weapons.
You are too small for most types of armour.
You have supernaturally acute eyesight. (SInv)
You are a herbivore.
You cover ground extremely quickly.
You need consume almost no food.
You tend to lose your temper in combat.
You are clumsy. (Dex -2)


Message History

Confirm with . or Enter, or press ? or * to list all spells.
You feel a surge of power!
Space distorts slightly along a thin shroud covering your body.
The six-headed hydra completely misses you.
The six-headed hydra bites you!
Your shroud falls apart!
The six-headed hydra bites you. The six-headed hydra bites you! x2
* * * LOW HITPOINT WARNING * * *
The six-headed hydra completely misses you.
The bog body is no longer distracted by gold.
The bog body gestures at you while chanting.
The bolt of cold hits you! You resist.
* * * LOW HITPOINT WARNING * * *
The six-headed hydra completely misses you.
The six-headed hydra bites you!
* * * LOW HITPOINT WARNING * * *
The six-headed hydra completely misses you. x3
The six-headed hydra bites you!
You die...
Your body crumbles into a pile of gold.

♣ ♣♣ .≈♣≈♣♣♣ ≈.....♣♣♣
≈≈≈.≈≈.≈♣ ≈≈≈.≈≈≈.♣♣♣♣
♣≈≈≈.≈.≈♣♣♣♣
♣♣♣♣.....≈.Z<.♣♣
♣≈≈.≈≈...≈≈≈$≈.♣
♣♣♣♣@.≈≈≈.≈≈≈≈≈≈.♣
♣..D.♣≈≈≈≈≈≈≈≈≈≈...≈≈
♣..≈≈.....≈≈≈≈≈≈...≈≈
♣≈≈≈≈..§.≈≈≈≈≈≈≈≈≈..≈
♣..≈≈≈≈n≈≈≈≈≈≈≈≈≈≈.≈≈
.≈.≈..≈..≈≈≈≈≈≈≈≈.≈≈♣.
..≈≈♣≈....≈≈≈≈≈......♣
≈♣≈....♣♣≈≈≈≈≈≈ ♣.....
≈≈≈≈≈.


You could see a six-headed hydra and a bog body.

Vanquished Creatures
  Frances (Swamp:1)
  Kirke (D:15)
  A fire giant (D:15)
  A stone giant (Orc:2)
  5 dire elephants (Lair:6)
  Erolcha (Orc:2)
  A fire dragon (D:14)
  Josephine (D:14)
  9 hydras
  A ghost crab (Swamp:2)
  4 centaur warriors (D:15)
  An ogre mage (Orc:2)
  A death knight (D:11)
  A death yak (Lair:4)
  4 alligators
  3 tengu warriors
  10 two-headed ogres
  An anaconda (Lair:6)
  Urug (D:14)
  Nergalle (Lair:2)
  An unseen horror (D:14)
  A wizard (D:15)
  A swamp dragon (Swamp:1)
  5 lindwurms
  2 wolf spider zombies (D:15)
  A necromancer (D:13)
  10 orc sorcerers
  A shambling mangrove (Swamp:1)
  9 ugly things
  4 cyclopes
  2 centaur zombies
  10 elephants
  3 manticores
  Joseph (D:7)
  A torpor snail (Lair:3)
  4 black mambas
  11 spiny frogs
  9 komodo dragons
  2 rime drakes
  A kobold demonologist (D:12)
  2 polar bears
  A tengu conjurer (D:15)
  5 trolls
  3 hornets
  A jumping spider (shapeshifter) (D:14)
  8 tyrant leeches
  29 blink frogs
  2 bog bodies
  9 slime creatures
  11 hippogriffs
  A vampire (D:13)
  A shadow (D:12)
  24 yaks
  A wyvern (Lair:6)
  8 wraiths
  5 hogs (D:15)
  A steam dragon (D:7)
  3 basilisks
  8 vampire mosquitoes
  4 hungry ghosts
  3 wargs (D:8)
  9 swamp worms
  3 insubstantial wisps
  2 soldier ants
  2 acid dragons
  16 water moccasins
  Duvessa (D:7)
  5 porcupines
  4 sky beasts
  2 ice beasts
  9 ogres
  6 swamp drakes
  3 black bears
  2 necrophages (D:12)
  2 eyes of draining
  20 orc warriors
  4 phantoms
  Ijyb (D:3)
  5 boggarts (D:15)
  4 wolves (Lair:4)
  18 centaurs
  15 crocodiles
  19 bullfrogs
  2 big kobolds
  An elf zombie (Ossuary)
  Dowan (D:7)
  6 scorpions
  20 wights
  22 killer bees
  2 electric eels
  2 howler monkeys
  7 crimson imps
  2 jellies
  11 orc priests
  5 centaur skeletons
  9 hounds
  4 bullfrog skeletons
  44 orc wizards
  An iguana (D:6)
  11 worker ants
  2 big kobold zombies (Ossuary)
  2 hound skeletons
  2 mummies (Ossuary)
  A worker ant zombie (D:6)
  2 howler monkey zombies
  8 gnolls
  26 adders
  5 shadow imps
  4 oozes
  An adder skeleton (D:7)
  A worm (D:3)
  2 dart slugs (D:2)
  4 leopard geckos
  76 orcs
  2 ball pythons
  9 bats
  4 giant cockroaches
  2 gnoll zombies (Ossuary)
  5 goblins
  2 hobgoblins
  2 jackals (D:1)
  6 kobolds
  8 quokkas
  7 frilled lizards
  A giant cockroach zombie (D:6)
  A goblin zombie (Ossuary)
  A kobold zombie (Ossuary)
  2 leopard gecko skeletons
  3 quokka skeletons
  A quokka zombie (D:4)
  5 rats
  A rat zombie (D:4)
  3 plants (Lair:6)
761 creatures vanquished.

Vanquished Creatures (collateral kills)
  Sigmund (D:3)
  An adder (D:3)
  A gnoll (D:5)
  An orc (D:6)
  A hobgoblin (D:3)
  A bat (D:3)
6 creatures vanquished.

Vanquished Creatures (others)
  2 yaks (Lair:6)
  An insubstantial wisp (Swamp:3)
  A quasit (D:3)
  A hound (D:6)
  An orc wizard (D:4)
  2 worker ants (D:5)
  2 gnolls
  2 hobgoblin zombies (Ossuary)
  3 kobold zombies (Ossuary)
  2 bushes
  13 fungi
  11 plants
41 creatures vanquished.

Grand Total: 808 creatures vanquished

Notes
Turn   | Place    | Note
-------+----------+-------------------------------------------
     0 | D:1      | NullDivider the Spriggan Artificer began the quest for the Orb.
     0 | D:1      | Reached XP level 1. HP: 9/9 MP: 4/4
   106 | D:1      | Reached skill level 1 in Fighting
   389 | D:1      | Reached skill level 2 in Stealth
   389 | D:1      | Reached XP level 2. HP: 12/14 MP: 6/6
   998 | D:2      | Reached XP level 3. HP: 18/18 MP: 7/7
  1622 | D:2      | Reached XP level 4. HP: 23/23 MP: 8/8
  1907 | D:2      | Found a glowing silver altar of Zin.
  1999 | D:2      | Reached skill level 3 in Stealth
  2371 | D:3      | Noticed Sigmund
  2371 | D:3      | Noticed Ijyb
  2387 | D:3      | Killed Sigmund
  2387 | D:3      | Reached XP level 5. HP: 27/27 MP: 9/9
  2736 | D:3      | Noticed htuhola's ghost (amateur DrCj)
  3315 | D:3      | Reached skill level 5 in Evocations
  3746 | D:3      | Found a burning altar of Makhleb.
  3835 | D:3      | Killed Ijyb
  3835 | D:3      | Reached skill level 4 in Stealth
  3835 | D:3      | Reached XP level 6. HP: 32/32 MP: 10/10
  4271 | D:4      | Found a staircase to the Ecumenical Temple.
  4612 | D:4      | Found a sand-covered staircase.
  4620 | Ossuary  | Entered an ossuary
  4620 | Ossuary  | Noticed a wraith
  4620 | Ossuary  | Noticed a wraith
  4620 | Ossuary  | Noticed a wraith
  4827 | Ossuary  | Reached skill level 5 in Dodging
  5332 | Ossuary  | Reached XP level 7. HP: 6/37 MP: 12/12
  5623 | Ossuary  | Reached skill level 5 in Stealth
  5637 | Ossuary  | Noticed a wraith
  7201 | D:5      | Entered Level 5 of the Dungeon
  9136 | Temple   | Entered the Ecumenical Temple
  9178 | Temple   | Became a worshipper of Gozag Ym Sagoz the Greedy
  9292 | D:4      | Reached skill level 1 in Slings
  9511 | D:5      | Found an ornate altar of the Wu Jian Council.
  9661 | D:5      | Reached XP level 8. HP: 29/42 MP: 13/13
 10809 | D:6      | Reached skill level 6 in Stealth
 11361 | D:6      | Identified the Almanac of Ice
 12396 | D:6      | Reached skill level 5 in Fighting
 12985 | D:6      | Reached skill level 7 in Stealth
 13384 | D:6      | Reached skill level 5 in Short Blades
 13389 | D:6      | Learned a level 1 spell: Confusing Touch
 13393 | D:6      | Learned a level 3 spell: Confuse
 14051 | D:7      | Found a stormy altar of Qazlal.
 14054 | D:7      | Noticed an air elemental
 14088 | D:7      | Reached XP level 9. HP: 32/47 MP: 15/15
 14875 | D:7      | Noticed Joseph
 14987 | D:7      | Killed Joseph
 15072 | D:7      | Reached skill level 8 in Stealth
 15703 | D:7      | Noticed a two-headed ogre
 15885 | D:7      | Killed a two-headed ogre
 15885 | D:7      | Reached skill level 5 in Slings
 15885 | D:7      | Reached XP level 10. HP: 53/53 MP: 17/17
 16868 | D:7      | Noticed Dowan
 16869 | D:7      | Noticed Duvessa
 16871 | D:7      | Killed Dowan
 17054 | D:7      | Killed Duvessa
 17054 | D:7      | Reached skill level 9 in Stealth
 17888 | D:8      | You fall through a shaft!
 17888 | D:9      | Noticed a two-headed ogre
 17899 | D:10     | Entered Level 10 of the Dungeon
 17916 | D:10     | Killed a two-headed ogre
 18865 | D:10     | Noticed a purple ugly thing
 18874 | D:10     | Found a staircase to the Orcish Mines.
 18928 | D:10     | Killed a purple ugly thing
 19392 | D:9      | Found a radiant altar of Vehumet.
 19405 | D:9      | Found an ancient bone altar of Kikubaaqudgha.
 19408 | D:9      | Reached skill level 10 in Stealth
 19421 | D:9      | Found a deep blue altar of Sif Muna.
 19604 | D:8      | Noticed a two-headed ogre
 19606 | D:8      | Killed a two-headed ogre
 19606 | D:8      | Reached XP level 11. HP: 55/60 MP: 19/19
 19690 | D:8      | Found a staircase to the Lair.
 21412 | D:9      | Reached skill level 10 in Dodging
 22058 | D:9      | Noticed a two-headed ogre
 22236 | D:8      | Killed a two-headed ogre
 22703 | D:9      | Found a shimmering altar of Xom.
 22703 | D:9      | Found a shimmering altar of Xom.
 22704 | D:9      | Found a shimmering altar of Xom.
 22719 | D:9      | Found a shimmering altar of Xom.
 22719 | D:9      | Found a shimmering altar of Xom.
 22720 | D:9      | Found a shimmering altar of Xom.
 22720 | D:9      | Found a shimmering altar of Xom.
 22722 | D:9      | Found a shimmering altar of Xom.
 23426 | D:10     | Reached skill level 10 in Evocations
 24739 | D:10     | Noticed a lindwurm
 24782 | D:10     | Noticed a lindwurm
 24783 | D:10     | Found the amulet of the Four Winds {rN+ MR+++ Clar}
 24801 | D:10     | Noticed a lindwurm
 24802 | D:10     | Noticed a lindwurm
 24805 | D:10     | Killed a lindwurm
 24805 | D:10     | Reached skill level 1 in Spellcasting
 24805 | D:10     | Reached skill level 1 in Hexes
 24809 | D:10     | Killed a lindwurm
 24809 | D:10     | Reached skill level 11 in Stealth
 24811 | D:10     | Killed a lindwurm
 24860 | D:10     | HP: 2/60 [lindwurm/blast of flame (22)]
 24874 | D:10     | Killed a lindwurm
 25096 | D:10     | Identified the Volume of Calling and Flight
 26543 | D:11     | Found a snail-covered altar of Cheibriados.
 26552 | D:11     | Noticed a two-headed ogre
 26564 | D:11     | Killed a two-headed ogre
 26723 | D:11     | Noticed a purple ugly thing
 26803 | D:11     | Killed a purple ugly thing
 27013 | D:11     | Reached XP level 12. HP: 66/66 MP: 20/20
 27093 | D:11     | Noticed a death knight
 27245 | D:11     | Killed a death knight
 28625 | D:12     | Noticed a two-headed ogre
 28740 | D:12     | Killed a two-headed ogre
 30568 | D:12     | Reached skill level 12 in Stealth
 31341 | D:13     | Got a translucent trident
 31342 | D:13     | Identified the +7 trident of the Pariah {venom, Int+2} (You found it on level 13 of the Dungeon)
 31396 | D:13     | Noticed a two-headed ogre
 31408 | D:13     | Killed a two-headed ogre
 31505 | D:13     | Noticed a tengu warrior
 31515 | D:13     | Noticed a tengu warrior
 31873 | D:12     | Killed a tengu warrior
 32159 | D:12     | Killed a tengu warrior
 32159 | D:12     | Reached skill level 5 in Spellcasting
 32797 | D:13     | HP: 1/67 [cyclops/large rock (34)]
 33143 | D:13     | Reached skill level 5 in Hexes
 33401 | D:14     | Noticed Urug
 33416 | D:14     | Killed Urug
 33416 | D:14     | Reached skill level 10 in Fighting
 33657 | D:14     | Noticed a four-headed hydra
 33667 | D:14     | Noticed a two-headed ogre
 33676 | D:14     | Killed a four-headed hydra
 33786 | D:13     | Killed a two-headed ogre
 33786 | D:13     | Reached XP level 13. HP: 56/72 MP: 22/22
 34086 | D:14     | Noticed Josephine
 34094 | D:14     | Found a gate to the Vaults.
 34113 | D:14     | Killed Josephine
 34612 | D:14     | Noticed a fire dragon
 36474 | D:14     | Killed a fire dragon
 36474 | D:14     | Reached skill level 13 in Stealth
 36665 | D:14     | Learned a level 2 spell: Shroud of Golubria
 36749 | D:15     | Entered Level 15 of the Dungeon
 36964 | D:15     | Reached skill level 1 in Charms
 37285 | D:15     | Reached skill level 1 in Translocations
 37864 | D:15     | Found a staircase to the Depths.
 37864 | D:15     | Noticed a fire giant
 37878 | D:15     | Killed a fire giant
 38570 | D:15     | Reached skill level 10 in Short Blades
 39503 | D:15     | Reached skill level 10 in Slings
 39574 | D:15     | Noticed Kirke
 39973 | D:15     | Noticed a sphinx
 40038 | D:15     | Killed Kirke
 40489 | D:15     | Reached XP level 14. HP: 77/77 MP: 25/25
 41548 | Lair:1   | Entered Level 1 of the Lair of Beasts
 42166 | Lair:1   | Reached skill level 5 in Charms
 42863 | Lair:2   | Noticed Nergalle
 42867 | Lair:2   | Killed Nergalle
 42867 | Lair:2   | Reached skill level 14 in Stealth
 42867 | Lair:2   | Reached skill level 5 in Translocations
 43096 | Lair:2   | Found a staircase to the Snake Pit.
 43932 | Lair:2   | Found a staircase to the Swamp.
 45250 | Lair:3   | Found a runed door.
 45944 | Lair:3   | Learned a level 3 spell: Regeneration
 49141 | Lair:6   | Entered Level 6 of the Lair of Beasts
 49822 | Lair:6   | Reached XP level 15. HP: 69/83 MP: 25/28
 50176 | Lair:6   | Reached skill level 15 in Stealth
 51076 | Lair:6   | Found a staircase to the Slime Pits.
 52340 | Lair:6   | Got a transparent wooden ring
 52374 | Lair:6   | Identified the ring of the Seer {rElec rPois rF- rC+} (You found it on level 6 of the Lair of Beasts)
 53771 | Orc:1    | Entered Level 1 of the Orcish Mines
 54370 | Orc:2    | Entered Level 2 of the Orcish Mines
 54603 | Orc:2    | Found a staircase to the Elven Halls.
 55519 | Orc:2    | Found Qyakorch's Gadget Shop.
 55554 | Orc:2    | Found Kouxzoaq's Distillery.
 55649 | Orc:2    | Bought a wand of acid (9) for 364 gold pieces
 55649 | Orc:2    | Bought a wand of enslavement (7) for 126 gold pieces
 55649 | Orc:2    | Bought a wand of paralysis (8) for 140 gold pieces
 55667 | Orc:2    | Bought a potion of heal wounds for 70 gold pieces
 55667 | Orc:2    | Bought a potion of curing for 42 gold pieces
 55667 | Orc:2    | Bought a potion of curing for 42 gold pieces
 55667 | Orc:2    | Bought a potion of invisibility for 112 gold pieces
 55680 | Orc:2    | Found a radiant altar of Vehumet.
 55681 | Orc:2    | Noticed Erolcha
 55694 | Orc:2    | Killed Erolcha
 55698 | Orc:2    | Found Mablehib's Gadget Shop.
 55705 | Orc:2    | Gained mutation: You tend to lose your temper in combat. [a neqoxec]
 55707 | Orc:2    | Gained mutation: You are clumsy. (Dex -2) [a neqoxec]
 55868 | Orc:2    | Bought a wand of paralysis (15) for 255 gold pieces
 55868 | Orc:2    | Bought a wand of enslavement (11) for 195 gold pieces
 55868 | Orc:2    | Bought a wand of acid (8) for 360 gold pieces
 55870 | Orc:2    | Found an ancient bone altar of Kikubaaqudgha.
 55895 | Orc:2    | Found a roughly hewn altar of Beogh.
 55895 | Orc:2    | Found Dulyaruiwk's Antique Armour Boutique.
 56075 | Orc:2    | Bought a hat for 72 gold pieces
 56959 | Swamp:1  | Entered Level 1 of the Swamp
 56987 | Swamp:1  | Noticed Frances
 56992 | Swamp:1  | Killed Frances
 56992 | Swamp:1  | Reached skill level 10 in Spellcasting
 58380 | Swamp:1  | Reached skill level 10 in Hexes
 58456 | Swamp:1  | Learned a level 2 spell: Blink
 58764 | Swamp:1  | Reached skill level 16 in Stealth
 59177 | Swamp:2  | Reached skill level 15 in Dodging
 59321 | Swamp:2  | Reached skill level 10 in Charms
 61103 | Swamp:3  | HP: 2/84 [six-headed hydra (15)]
 61103 | Swamp:3  | Mangled by a six-headed hydra

Skill      XL: |  1  2  3  4  5  6  7  8  9 10 11 12 13 14 15 |
---------------+----------------------------------------------+-----
Fighting       | 1 2 3 4 5 6 7 9 10 11 | 11.8
Stealth        | 2 3 4 5 7 8 10 11 12 13 14 16 | 16.1
Short Blades   | 2 3 4 5 6 7 8 9 10 | 10.3
Dodging        | 4 5 7 8 9 10 11 12 14 15 | 15.1
Evocations     | 5 6 7 8 9 10 | 10.0
Slings         | 1 3 5 6 7 9 10 | 10.2
Spellcasting   | 3 5 7 8 10 | 10.4
Hexes          | 2 5 6 8 10 | 10.0
Charms         | 4 7 10 | 10.0
Translocations | 3 6 |  6.3

Action                   |  1- 3 |  4- 6 |  7- 9 | 10-12 | 13-15 || total
-------------------------+-------+-------+-------+-------+-------++-------
Melee: Short sword       |   112 |   251 |   463 |       |       ||   826
       Dagger            |       |       |   184 |  1309 |  2997 ||  4490
       Rapier            |       |       |       |     3 |    37 ||    40
 Fire: Hunting sling     |       |       |   559 |   670 |    78 ||  1307
 Cast: Confusing Touch   |       |       |       |     1 |       ||     1
       Confuse           |       |       |       |    16 |   135 ||   151
       Shroud of Golubri |       |       |       |       |    53 ||    53
       Regeneration      |       |       |       |       |     6 ||     6
       Blink             |       |       |       |       |     1 ||     1
 Abil: Evoke Flight      |       |       |       |       |     3 ||     3
Evoke: Wand              |     5 |    26 |    18 |    35 |    34 ||   118
       Fan of gales      |       |       |       |       |     1 ||     1
  Use: Scroll            |       |     6 |    10 |     8 |    21 ||    45
       Potion            |       |       |     3 |     3 |     2 ||     8
 Stab: Sleeping          |     6 |    11 |    13 |    33 |    45 ||   108
       Betrayed ally     |       |     1 |       |       |       ||     1
       Distracted        |       |       |     1 |    12 |    33 ||    46
       Paralysed         |       |       |       |     3 |     3 ||     6
       Confused          |       |       |       |     9 |    57 ||    66
  Eat: Ration            |       |     1 |     5 |    11 |    19 ||    36
Armor: Robe              |     5 |    19 |    36 |    17 |    48 ||   125
       Skin              |       |       |    11 |       |       ||    11
Dodge: Dodged            |    93 |   184 |   596 |   939 |  1986 ||  3798
Block: Other             |       |       |       |    22 |       ||    22
       Reflection        |       |       |       |     4 |       ||     4
